 Dungeon Crawl Stone Soup version 0.29-a0-885-gb26ba3297d (webtiles) character file.

Game seed: 6903087837680759472

113 gobodom the Grave Robber (level 4, -2/30 HPs)
             Began as a Demonspawn Necromancer on July 20, 2022.
             Slain by a phantom (6 damage)
             ... on level 4 of the Dungeon.
             The game lasted 00:06:44 (3136 turns).

gobodom the Grave Robber (Demonspawn Necromancer)   Turns: 3136, Time: 00:06:45

Health: -2/30      AC:  2    Str: 14    XL:     4   Next: 65%
Magic:  8/8        EV: 12    Int: 19    God:
Gold:   145        SH:  0    Dex: 13    Spells: 4/8 levels left

rFire   . . .      SeeInvis .   q - +3 dagger (speed)
rCold   . . .      Faith    .   (no shield)
rNeg    + . .      Spirit   .   a - +0 robe
rPois   .          Reflect  .   (helmet restricted)
rElec   .          Harm     .   (no cloak)
rCorr   .          Rampage  .   (no gloves)
Will    .....                   (no boots)
Stlth   ++........              (no amulet)
HPRegen 0.10/turn               g - +6 ring of strength
MPRegen 0.11/turn               m - ring of positive energy

@: no status effects
A: antennae 1, powered by death 2
a: no special abilities


You were on level 4 of the Dungeon.
You visited 1 branch of the dungeon, and saw 4 of its levels.

You collected 145 gold pieces.

Inventory:

Hand Weapons
 l - a +3 dagger
 q - a +3 dagger of speed (weapon)
Missiles
 p - 5 poisoned darts
Armour
 a - a +0 robe (worn)
Jewellery
 g - a +6 ring of strength (left hand)
 m - a ring of positive energy (right hand)
Scrolls
 k - a scroll of torment
 o - a scroll of fog {unknown}
Potions
 b - a potion of magic
 c - a potion of heal wounds
 d - a potion of degeneration {unknown}
 e - a potion of curing {unknown}
 r - a potion of attraction {unknown}


   Skills:
 + Level 1.8 Dodging
 + Level 2.1 Stealth
 + Level 2.6 Spellcasting
 + Level 6.1 Necromancy


You had 4 spell levels left.
You knew the following spells:

 Your Spells              Type           Power      Damage    Failure   Level
a - Necrotise             Necr           100%       1d9       1%          1
b - Vampiric Draining     Necr           25%        2d7       3%          3

Your spell library contained the following spells:

 Spells                   Type           Power      Damage    Failure   Level
 Sublimation of Blood     Necr           25%        N/A       1%          2
 Animate Dead             Necr           25%        N/A       12%         4
 Ensorcelled Hibernation  Hex/Ice        4%         N/A       24%         2
 Passwall                 Tmut/Erth      1%         N/A       24%         2
 Wereblood                Tmut           2%         N/A       24%         2
 Swiftness                Air            2%         N/A       43%         3
 Agony                    Necr           25%        N/A       34%         5
 Summon Hydra             Summ           1%         N/A       100%        7


Dungeon Overview and Level Annotations

Branches:
Dungeon (4/15)
 Temple: D:4-7

Altars:
Nemelex Xobeh
Yredelemnul


Innate Abilities, Weirdness & Mutations

You have a pair of small antennae on your head.
You regenerate health from kills.


Message History

The phantom barely misses you. The phantom barely misses you.
You see here a potion of heal wounds.
c - a potion of heal wounds The phantom closely misses you.
You closely miss the phantom.
The phantom is moderately damaged.
You hit the phantom but do no damage.
The phantom is moderately damaged.
The phantom closely misses you.
You barely miss the phantom.
The phantom is moderately damaged.
The phantom hits you.
You hit the phantom.
The phantom is heavily damaged.
You closely miss the phantom.
The phantom is heavily damaged.
The phantom hits you.
* * * LOW HITPOINT WARNING * * *
The phantom blinks!
You blink.
The phantom hits you.
* * * LOW HITPOINT WARNING * * *
You closely miss the phantom.
The phantom is heavily damaged.
You closely miss the phantom.
The phantom is heavily damaged.
The phantom hits you.
* * * LOW HITPOINT WARNING * * *
The phantom blinks!
You blink.
The phantom closely misses you.
You miss the phantom.
The phantom is heavily damaged.
The phantom hits you.
* * * LOW HITPOINT WARNING * * *
You hit the phantom.
The phantom is severely damaged.
You hit the phantom.
The phantom is severely damaged.
The phantom hits you.
You die...

#####..#....### ##..## #
#............... .... ..
..........##..## #..# ..#
..........##..# #..####...#
..........##..# #..........
..........##..########..........
.......§§...............§.......
.................W...#.....####.
................@..............
############.........#.#.#.####
..............#.#.#...
.##########.#.#.#.#.#.#
#.#.#.#.# #.# #.#.#.#.# # #.#.#
#.#.. #. ..


You could see a phantom.

Vanquished Creatures
  Jessica (D:3)
  3 adders
  A worm (D:2)
  An orc (D:3)
  5 ball pythons
  5 bats
  5 endoplasms
  2 giant cockroaches
  3 goblins
  5 hobgoblins
  2 jackals (D:2)
  5 quokkas
  2 frilled lizards (D:1)
  7 kobolds
  6 rats
53 creatures vanquished.

Vanquished Creatures (collateral kills)
  A frilled lizard (D:1)
1 creature vanquished.

Vanquished Creatures (others)
  A fungus (D:2)
1 creature vanquished.

Grand Total: 55 creatures vanquished

Notes
Turn   | Place    | Note
-------+----------+-------------------------------------------
     0 | D:1      | gobodom the Demonspawn Necromancer began the quest for the
                  | Orb.
     0 | D:1      | Reached XP level 1. HP: 13/13 MP: 3/3
   351 | D:1      | Gained mutation: You regenerate a little health from kills.
                  | [demonic ancestry]
   351 | D:1      | Reached XP level 2. HP: 19/19 MP: 1/5
   558 | D:1      | Reached skill level 5 in Necromancy
  1018 | D:2      | Gained mutation: You regenerate health from kills. [demonic
                  | ancestry]
  1018 | D:2      | Reached XP level 3. HP: 24/24 MP: 3/6
  1022 | D:2      | Learned a level 3 spell: Vampiric Draining
  1494 | D:2      | Found a faded altar of an unknown god.
  2388 | D:3      | Found a basalt altar of Yredelemnul.
  2440 | D:3      | Noticed Jessica
  2446 | D:3      | Killed Jessica
  2447 | D:3      | Reached skill level 6 in Necromancy
  2447 | D:3      | Discovered your monstrous ancestry.
  2447 | D:3      | Gained mutation: You have a pair of small antennae on your
                  | head. [demonic ancestry]
  2447 | D:3      | Reached XP level 4. HP: 30/30 MP: 3/8
  2881 | D:3      | Found a sparkling altar of Nemelex Xobeh.
  2910 | D:4      | Noticed a lemure
  3099 | D:4      | Noticed a phantom
  3136 | D:4      | Slain by a phantom

Illustrated notes

Levels and vault maps discovered:
D:1:      elethiomel_arrival_quiet, layout_basic, dreamdust_mushroom_princess
D:2:      layout_basic, shapermc_ecumenical_altar_acropolis, serial_glass,
          glass_columns_b, glass_columns_a
D:3:      layout_rooms, nemelex_diamond_rough_becter, kennysheep_ying_yang,
          kennysheep_decorative_pillar, uniq_jessica
D:4:      layout_basic, uniq_pikel

Skill      XL: |  1  2  3  4 |
---------------+-------------+-----
Necromancy     | 5 6 |  6.1
Stealth        | 2 |  2.1
Dodging        | |  1.8
Spellcasting   | |  2.6

Action                   |  1- 3 |  4- 6 || total
-------------------------+-------+-------++-------
Melee: Unarmed           |     2 |       ||     2
       Dagger            |     2 |    29 ||    31
Throw: Dart              |     2 |       ||     2
 Cast: Necrotise         |    84 |    11 ||    95
  Use: Scroll            |       |     6 ||     6
       Potion            |       |     1 ||     1
 Stab: Sleeping          |     1 |       ||     1
Armor: Robe              |     5 |       ||     5
Dodge: Dodged            |     5 |    11 ||    16

Table legend: (Time is in decaauts)
 A = Elapsed time spent in this place.
 B = Non-inter-level travel time spent in this place.
 C = Inter-level travel time spent in this place.
 D = Time resting spent in this place.
 E = Time spent auto-exploring this place.
 F = Levels seen in this place.
 G = Mean time per level.
                   A        B        C        D        E       F      G
               +--------+--------+--------+--------+--------+-----+--------+
         Total |   3126 |   3062 |     64 |      0 |   2658 |   4 |  781.5 |
       Dungeon |   3126 |   3062 |     64 |      0 |   2658 |   4 |  781.5 |
               +--------+--------+--------+--------+--------+-----+--------+

Top non-repeatable levels by time:
     D:2: 1199 daAuts
     D:1: 1006 daAuts
     D:3: 693 daAuts
     D:4: 227 daAuts
